 Dungeon Crawl Stone Soup version 0.29.1-1-gd02db69 (webtiles) character file.

Game seed: 8273919262132811984

4748 Illumine the Spear-Bearer (level 10, -1/72 HPs)
             Began as a Merfolk Gladiator on Dec 13, 2022.
             Was a Follower of Hepliaklqana.
             Slain by a komodo dragon (4 damage)
             ... on level 1 of the Lair of Beasts.
             The game lasted 00:16:24 (7799 turns).

Illumine the Spear-Bearer (Merfolk Gladiator)       Turns: 7799, Time: 00:16:25

Health: -1/72      AC: 15    Str: 18    XL:     10   Next: 46%
Magic:  11/12      EV: 10    Int:  7    God:    Hepliaklqana [*.....]
Gold:   380        SH:  0    Dex: 17    Spells: 9/9 levels left

rFire   + . .      SeeInvis .   b - +0 spear (venom)
rCold   + + +      Faith    .   (no shield)
rNeg    . . .      Spirit   .   d - +2 chain mail {rC+}
rPois   .          Reflect  .   c - +0 helmet
rElec   .          Harm     .   r - scarf {rC+ rF+}
rCorr   .          Rampage  .   E - +0 pair of gloves
Will    .....                   o - +0 pair of boots
Stlth   ..........              t - amulet of regeneration
HPRegen 1.02/turn               y - ring of flight
MPRegen 0.13/turn               (no ring)

@: mighty, lethally poisoned (-1 -> -10), flying, unable to read
A: reduced essence, (nimble swimmer 2), mertail, claws 1, cold resistance 1,
inability to read after injury 1
a: Renounce Religion, Recall Ancestor, Ancestor Identity


You were on level 1 of the Lair of Beasts.
You worshipped Hepliaklqana.
Hepliaklqana was aware of your devotion.
You visited 3 branches of the dungeon, and saw 10 of its levels.

You collected 380 gold pieces.

Inventory:

Hand Weapons
 a - a +0 trident
 b - a +0 spear of venom (weapon)
 F - a +0 glaive
Missiles
 e - a javelin
 p - 26 poisoned darts (quivered)
Armour
 c - a +0 helmet (worn)
 d - a +2 chain mail of cold resistance (worn)
 o - a +0 pair of boots (worn)
 r - a scarf of resistance (worn)
 E - a +0 pair of gloves (worn)
Jewellery
 k - a ring of magical power
 t - an amulet of regeneration (around neck)
 y - a ring of flight (left hand)
Wands
 g - a wand of mindburst (40)
 q - a wand of flame (10)
 B - a wand of iceblast (5)
Scrolls
 h - 2 scrolls of teleportation
 l - 3 scrolls of magic mapping
 s - 2 scrolls of poison {unknown}
 u - a scroll of vulnerability {unknown}
 v - a scroll of enchant armour {unknown}
 w - a scroll of amnesia {unknown}
 x - a scroll of immolation {unknown}
 z - a scroll of torment {unknown}
 A - a scroll of silence {unknown}
Potions
 f - 3 potions of flight
 i - 4 potions of curing
 m - a potion of resistance
 n - 2 potions of mutation
 C - 3 potions of lignification {unknown}
 D - 2 potions of haste {unknown}


   Skills:
 + Level 8.2 Fighting
 - Level 12.0 Polearms
 - Level 2.0 Throwing
 * Level 5.3 Armour
 - Level 6.0 Dodging
 + Level 3.2 Invocations
 - Level 5.0 Evocations


You had 9 spell levels left.
You didn't know any spells.
Your spell library contained the following spells:

 Spells                   Type           Power      Damage    Failure   Level
 Chain Lightning          Conj/Air       0%         N/A       100%        9
 Fire Storm               Conj/Fire      0%         5d1       100%        9
 Shatter                  Erth           0%         3d5*      100%        9


Dungeon Overview and Level Annotations

Branches:
Dungeon (8/15)             Temple (1/1) D:4            Lair (1/5) D:8

Altars:
Ashenzari
Cheibriados
Dithmenos
Fedhas
Hepliaklqana
Kikubaaqudgha
Makhleb
Nemelex Xobeh
Qazlal
Trog
Uskayaw
Vehumet
Wu Jian
Xom
Yredelemnul
Zin

Shops:
D:3 *

Annotations:
D:8 Psyche


Innate Abilities, Weirdness & Mutations

Your life essence is reduced to manifest your ancestor. (-10% HP)
((You are very nimble when in or above water. (Stealth+, EV+, Speed+++)))
Your lower body shifts to a powerful aquatic tail in water.
You have sharp fingernails.
Your flesh is cold resistant. (rC+)
You occasionally lose the ability to read scrolls when taking damage.


Message History

You puncture the black mamba! Your punch misses the black mamba.
The black mamba is heavily wounded.
The black mamba bites you but does no damage.
The komodo dragon bites Sinnashi!!
Sinnashi is destroyed!
Unknown command.
You hit the black mamba.
The black mamba is heavily wounded.
The black mamba bites you.
Unknown command.
You miss the black mamba.
The black mamba is heavily wounded.
The black mamba bites you.
Unknown command.
Okay, then.
You feel very mighty all of a sudden. The black mamba bites you!
You hit the komodo dragon.
The komodo dragon is moderately wounded.
The black mamba bites you but does no damage.
You hit the komodo dragon but do no damage.
The komodo dragon is moderately wounded.
The black mamba bites you.
You are poisoned.
The black mamba poisons you! The komodo dragon bites you!!
You feel threatened and lose the ability to read scrolls!
* * * LOW HITPOINT WARNING * * *
You puncture the black mamba!
The black mamba is almost dead.
* * * LOW HITPOINT WARNING * * *
You feel very sick. The black mamba barely misses you.
Unknown command.
You feel mightier all of a sudden.
* * * LOW HITPOINT WARNING * * *
You feel very sick. The black mamba bites you!
* * * LOW HITPOINT WARNING * * *
The komodo dragon bites you.
You die...

#... #...#
.....######
..........##
...........##
#.....P.P.#
#.P.PlP.P.#
#...P@P...#
#...SPP...#
#.P.......#
##.......##
##.....##
#######


You could see a komodo dragon and a black mamba (poisoned).

Vanquished Creatures
  Prince Ribbit (D:7)
  6 yaks (D:5)
  Grum (D:8)
  Menkaure (D:4)
  3 steam dragons
  A warg (D:8)
  Edmund (D:4)
  An acid dragon (D:8)
  An orc warrior (D:7)
  A sky beast (D:7)
  4 ice beasts
  A centaur (D:6)
  A wolf (D:8)
  2 phantoms
  2 kobold brigands
  Blork the orc (D:5)
  2 bullfrogs
  A scorpion (D:5)
  2 necrophages
  3 wights
  4 howler monkeys
  6 orc priests
  3 hounds
  A jelly (D:5)
  3 iguanas
  8 orc wizards
  7 gnolls
  4 adders
  A shadow imp (D:6)
  2 white imps
  2 ufetubi
  4 dart slugs
  11 orcs
  5 ball pythons
  3 bats
  8 endoplasms
  2 giant cockroaches
  9 goblins
  5 hobgoblins
  6 jackals
  17 kobolds
  4 quokkas
  4 frilled lizards
  4 rats
159 creatures vanquished.

Vanquished Creatures (collateral kills)
  An orc warrior (D:8)
  A wolf (D:8)
  A wight (D:8)
  A hound (D:7)
  An orc priest (D:7)
  4 orcs
  3 kobolds (D:8)
12 creatures vanquished.

Vanquished Creatures (others)
  An angel (D:6)
  5 ancestors
  An orc (D:6)
  A plant (D:8)
8 creatures vanquished.

Grand Total: 179 creatures vanquished

Notes
Turn   | Place    | Note
-------+----------+-------------------------------------------
     0 | D:1      | Illumine the Merfolk Gladiator began the quest for the Orb.
     0 | D:1      | Reached XP level 1. HP: 16/16 MP: 1/1
   211 | D:1      | Reached XP level 2. HP: 22/23 MP: 2/2
   444 | D:1      | Reached XP level 3. HP: 28/28 MP: 3/3
   664 | D:1      | You fall into a shaft and drop 1 floor!
   664 | D:2      | Found a stormy altar of Qazlal.
   690 | D:2      | Reached skill level 5 in Polearms
  1183 | D:2      | Found a faded altar of an unknown god.
  1249 | D:2      | Reached XP level 4. HP: 31/34 MP: 4/4
  1632 | D:3      | Found Cyin's Assorted Antiques.
  2014 | D:3      | HP: 1/35 [gnoll/+0 whip (7)]
  2483 | D:3      | Gained mutation: You occasionally lose the ability to read
                  | scrolls when taking damage. [potion of mutation]
  2483 | D:3      | Gained mutation: You have sharp fingernails. [potion of
                  | mutation]
  2483 | D:3      | Gained mutation: Your flesh is cold resistant. (rC+)
                  | [potion of mutation]
  2488 | D:3      | Reached skill level 5 in Dodging
  2488 | D:3      | Reached XP level 5. HP: 34/41 MP: 5/5
  2495 | D:3      | Reached skill level 6 in Polearms
  3041 | D:4      | Reached XP level 6. HP: 29/48 MP: 6/6
  3099 | D:4      | Reached skill level 7 in Polearms
  3276 | D:4      | Noticed Menkaure
  3287 | D:4      | Killed Menkaure
  3288 | D:4      | Reached skill level 8 in Polearms
  3288 | D:4      | Reached XP level 7. HP: 55/55 MP: 7/7
  3290 | D:4      | Noticed Edmund
  3325 | D:4      | Killed Edmund
  3326 | D:4      | Reached skill level 1 in Armour
  3429 | D:5      | Entered Level 5 of the Dungeon
  3429 | D:5      | Found an ornate altar of the Wu Jian Council.
  3429 | D:5      | Found a shadowy altar of Dithmenos.
  3545 | D:5      | Found a hide-covered altar of Uskayaw.
  3724 | D:5      | Noticed Blork the orc
  3736 | D:5      | Killed Blork the orc
  3737 | D:5      | Reached skill level 1 in Evocations
  3745 | D:5      | Found a sparkling altar of Nemelex Xobeh.
  3857 | D:5      | Reached skill level 5 in Fighting
  4286 | D:5      | Reached skill level 9 in Polearms
  4286 | D:5      | Reached XP level 8. HP: 62/62 MP: 8/8
  4675 | D:4      | Found a staircase to the Ecumenical Temple.
  4690 | Temple   | Entered the Ecumenical Temple
  4770 | Temple   | Became a worshipper of Hepliaklqana the Forgotten
  5041 | D:6      | Noticed a yak
  5041 | D:6      | Noticed a yak
  5041 | D:6      | Noticed a yak
  5041 | D:6      | Noticed a yak
  5041 | D:6      | Noticed a yak
  5041 | D:6      | Noticed a yak
  5059 | D:5      | Killed a yak
  5174 | D:5      | Killed a yak
  5175 | D:5      | Reached skill level 10 in Polearms
  5368 | D:5      | Killed a yak
  5393 | D:5      | Killed a yak
  5394 | D:5      | Reached XP level 9. HP: 17/69 MP: 9/9
  5486 | D:5      | Reached skill level 11 in Polearms
  5570 | D:6      | Noticed an angel
  5687 | D:6      | Found a shimmering altar of Xom.
  5690 | D:6      | Found a glowing silver altar of Zin.
  5728 | D:6      | Found a basalt altar of Yredelemnul.
  5730 | D:6      | Found a blossoming altar of Fedhas.
  5811 | D:6      | Killed an angel
  6190 | D:7      | Reached * piety under Hepliaklqana
  6317 | D:7      | Reached skill level 12 in Polearms
  6484 | D:7      | Reached skill level 5 in Evocations
  6938 | D:8      | Noticed Prince Ribbit
  7041 | D:7      | Killed Prince Ribbit
  7042 | D:7      | Reached skill level 1 in Invocations
  7042 | D:7      | Reached XP level 10. HP: 41/71 MP: 10/10
  7194 | D:8      | Found an ancient bone altar of Kikubaaqudgha.
  7200 | D:8      | Noticed Grum
  7214 | D:8      | Killed Grum
  7250 | D:8      | Found a broken altar of Ashenzari.
  7375 | D:8      | Noticed Psyche
  7535 | D:8      | Reached skill level 5 in Armour
  7731 | D:8      | Found a staircase to the Lair.
  7786 | Lair:1   | Entered Level 1 of the Lair of Beasts
  7786 | Lair:1   | Noticed a black mamba
  7799 | Lair:1   | HP: 3/72 [black mamba (9)]
  7799 | Lair:1   | Slain by a komodo dragon

Illustrated notes

Levels and vault maps discovered:
D:1:      wander_arrival_fairy_ring, layout_loops_ring
D:2:      layout_basic, basic_altar, basic_ecumenical_altar,
          hangedman_decor_clover_reticule
D:3:      layout_loops_cross, serial_shops, nicolae_shop_hallway_stairs
D:4:      layout_basic, minmay_temple_entry_junction, uniq_menkaure, uniq_edmund
D:5:      layout_layer_cave, eat_drink_and_be_merry_uskayaw,
          nemelex_diamond_rough_becter, gammafunk_temple_overflow_pools,
          uniq_blork_the_orc
D:6:      layout_cave_pools, grunt_temple_overflow_order_and_chaos_1,
          mainiacjoe_overflow_big_doors
D:7:      layout_basic
D:8:      layout_loops_ring, kennysheep_mini_moat,
          ashenzari_conservatory_becter, erik_lair_orcish_takeover, uniq_grum,
          uniq_prince_ribbit1, uniq_psyche
Temple:   nicolae_temple_figure_zero
Lair:1:   layout_chaotic_city, cheibrodos_lair_reptile_den, grunt_megastairs_1,
          lemuel_fruit_tree, serial_bayou_shore_a

Skill      XL: |  1  2  3  4  5  6  7  8  9 10 |
---------------+-------------------------------+-----
Polearms       | 5 6 8 9 10 12 | 12.0
Fighting       | 3 4 5 6 7 8 |  8.2
Dodging        | 5 6 |  6.0
Armour         | 1 2 4 5 |  5.3
Evocations     | 1 3 5 |  5.0
Invocations    | 1 3 |  3.2
Throwing       | |  2.0

Action                   |  1- 3 |  4- 6 |  7- 9 | 10-12 || total
-------------------------+-------+-------+-------+-------++-------
Melee: Trident           |   128 |    67 |    30 |    48 ||   273
       Spear             |       |   104 |   414 |   111 ||   629
       Punch             |       |     4 |     6 |     1 ||    11
Throw: Throwing net      |       |     4 |     1 |       ||     5
       Javelin           |       |       |     1 |       ||     1
       Dart              |       |       |       |     1 ||     1
Invok: Recall Ancestor   |       |       |     2 |     1 ||     3
  Use: Potion            |       |     3 |     1 |     2 ||     6
       Scroll            |       |     1 |     3 |     1 ||     5
 Stab: Sleeping          |     2 |     1 |     1 |       ||     4
       Held in net/web   |       |     5 |     3 |       ||     8
       Distracted        |       |       |     4 |     2 ||     6
Armor: Leather armour    |    23 |    34 |    25 |       ||    82
       Chain mail        |       |       |    87 |    23 ||   110
Dodge: Dodged            |    82 |    78 |   146 |    17 ||   323
